Wesht, neutral male gnomish Wizard ---------------- ..<............| |..............| +..............| |..............| ---------.------ `## # #f # @r# # -------.-- |........| |........| ---------- Wesht the Evoker Experience level: 2 Strength: 11 Dexterity: 10 Constitution: 14 Intelligence: 19 Wisdom: 10 Charisma: 11 Health: 0(14) Energy: 15(15) Def: 1 Gold: 28 Moves: 1156 Dungeon seed: 0xPnVUOwUyOIUEXJ Game ID: Wesht_1500670243 Your Inventory: Coins $ - 28 gold pieces Amulets m - a cursed amulet of restful sleep Weapons a - a blessed burnt +1 quarterstaff (weapon in hands) E - a +0 dagger (in quiver) Armor e - an uncursed +0 cloak of magic resistance (being worn) Comestibles p - an uncursed apricot r - an uncursed tripe ration v - an uncursed pancake w - an uncursed food ration x - an uncursed cram ration Scrolls h - an uncursed scroll of charging i - an uncursed scroll of create monster j - an uncursed scroll of teleportation s - an uncursed scroll of earth F - a cursed scroll of light G - an uncursed scroll of scare monster Spellbooks k - a blessed spellbook of force bolt l - an uncursed spellbook of detect food u - an uncursed spellbook of detect monsters Potions f - 3 uncursed potions of levitation g - a potion of holy water o - an uncursed potion of water z - an uncursed potion of water C - an uncursed potion of blindness Rings c - an uncursed ring of see invisible (on left hand) d - an uncursed ring of polymorph q - an uncursed ring of searching Wands b - a wand of speed monster (0:4) Tools A - an uncursed tin opener B - an uncursed sack Contents of the sack: an uncursed apricot Spells and supernatural/magical abilities: Name Level Category Fail Memory a - force bolt 1 attack 0% 95% E - detect food 2 divination 56% 95% W - pray for help -- divine ? -- Your skills at the end: Fighting Skills Weapon Skills quarterstaff [Basic] Spellcasting Skills attack spells [Basic] enchantment spells [Basic] Final Attributes: You were fervently aligned. You were magic-protected. You saw invisible. You had infravision. You are dead. Vanquished creatures: a shrieker a hobbit 2 giant rats a gnome zombie a gecko 4 jackals 3 foxes a goblin a sewer rat 5 grid bugs 2 lichens a kobold zombie 2 newts 25 creatures vanquished. Voluntary challenges: You were an atheist. You used a wielded weapon 23 times, starting on turn 44. You were illiterate. You never genocided any monsters. You never polymorphed an object. You never changed form. You used no wishes. You never split a pudding. You never wrote Elbereth's name. You never violated your personal moral code. Dungeon overview: The Dungeons of Doom: levels 1 to 5 Level 1 a fountain a long staircase Level 2 Level 3 a general store, some fountains Level 4 Level 5 <- You were here History has recorded: On T:1 you entered the Dungeons of Doom to retrieve the Amulet of Yendor! On T:455 you reached level 2 of The Dungeons of Doom. On T:561 you reached level 3 of The Dungeons of Doom. On T:858 you advanced to experience level 2. On T:1029 you reached level 4 of The Dungeons of Doom. On T:1124 you reached level 5 of The Dungeons of Doom. Score breakdown: Gold: 28 ( 4974 points) Experience: 2 levels ( 5570 points) Exploration: 5 levels ( 9.62%) ( 8401 points) Discoveries: 1 item ( 0.35%) ( 1767 points) Valuables value: (no points given unless you survive) Artifact value: 0 ( 0 points) Variety of kills: 13 monsters ( 3.41%) ( 5541 points) Turncount: 1156 turns ( 0 points) Survival: died (score multiplied by 80%) Total score: 21002 Latest messages: You displace Maui. You hear someone cursing shoplifters. You displace Maui. (3x) You see here a scroll labeled FOOBIE BLETCH. G - a scroll labeled FOOBIE BLETCH. You displace Maui. (2x) You see here 21 gold pieces. $ - 21 gold pieces. You kill the gecko! Maui eats a gecko corpse. Maui misses the sewer rat. You miss the sewer rat. The sewer rat bites! Maui bites the sewer rat. The sewer rat is killed! The sewer rat bites! You miss the sewer rat. The sewer rat bites! Maui misses the sewer rat. (2x) You miss the sewer rat. The sewer rat bites! Maui misses the sewer rat. You displace Maui. The sewer rat bites! You die... Final status: Goodbye Wesht the Wizard, killed by a sewer rat... You died in The Dungeons of Doom on dungeon level 5 with 21002 points, and 28 pieces of gold, after 1156 moves. You were level 2 with a maximum of 14 hit points when you died.